 Dungeon Sprint DCSS version 0.30-a0-341-g682706514a (webtiles) character file.

Game seed: 10082190485201362975

199 retardedninja the Blocker (level 5, -5/53 HPs)
             Began as a Hill Orc Fighter on Nov 1, 2022.
             Was an Initiate of Gozag.
             Slain by a vampire (9 damage)
             ... in the Dungeon (Sprint IX: "|||||||||||||||||||||||||||||").
             The game lasted 00:01:12 (190 turns).

retardedninja the Blocker (Hill Orc Fighter)         Turns: 190, Time: 00:01:13

Health: -5/53      AC: 14    Str: 24    XL:     5   Next: 77%
Magic:  5/5        EV:  7    Int:  8    God:    Gozag
Gold:   0          SH:  6    Dex: 13    Spells: 4/4 levels left

rFire   . . .      SeeInvis .    q - +3 war axe (venom)
rCold   . . .      Faith    .    c - +0 buckler
rNeg    . . .      Spirit   .    o - +0 plate armour
rPois   .          Reflect  .    (no helmet)
rElec   .          Harm     .    (no cloak)
rCorr   .          Rampage  .    (no gloves)
Will    .....      NoTele   +    p - +0 pair of boots
Stlth   ..........               (no amulet)
HPRegen 0.28/turn                m - +3 ring of dexterity
MPRegen 0.09/turn                n - +3 ring of strength

@: mighty, hasted, very quick
A: no striking features
a: Renounce Religion, Convert to Beogh, Potion Petition, Call Merchant, Bribe
Branch


You were in the Dungeon.
You worshipped Gozag.
Gozag was noncommittal.
You visited 1 branch

Inventory:

Hand Weapons
 q - a +3 war axe of venom (weapon)
Armour
 c - a +0 buckler (worn)
 o - a +0 plate armour (worn)
 p - a +0 pair of boots (worn)
Jewellery
 m - a +3 ring of dexterity (left hand)
 n - a +3 ring of strength (right hand)
Wands
 l - a wand of roots (10) (quivered)
Scrolls
 j - 2 scrolls of blinking
 k - 2 scrolls of amnesia
Potions
 e - 5 potions of curing
 f - 3 potions of heal wounds
 h - 4 potions of magic
 i - a potion of invisibility


   Skills:
 + Level 7.7 Fighting
 + Level 5.9 Axes
 + Level 7.1 Armour
 + Level 1.4 Dodging
 + Level 8.0 Shields


You had 4 spell levels left.
You didn't know any spells.
Your spell library was empty.

Dungeon Overview and Level Annotations

Branches:
Dungeon (1/1)

Altars:
Cheibriados
Dithmenos
Elyvilon
Fedhas
Gozag
Hepliaklqana
Kikubaaqudgha
Makhleb
Nemelex Xobeh
Okawaru
Qazlal
Ru
Sif Muna
Trog
Uskayaw
Vehumet
Wu Jian
Xom
Yredelemnul
Zin
The Shining One
Beogh
Jiyva
Lugonu


Message History

A vampire, an orc priest, a vampire mosquito, a killer bee and 2 shadows come into view.
The orc priest shouts, "Join the one true god or die!" (press Y on the ability menu to convert to Beogh)
The orc priest shouts!
The vampire mosquito buzzes angrily.
The killer bee buzzes angrily.
The vampire gestures wildly while chanting.
The vampire flickers and vanishes!
Deactivating autopickup; reactivate with Ctrl-A.
You feel yourself speed up.
You feel very mighty all of a sudden. Something hits you but does no damage.
Something bites you but does no damage.
You hit something but do no damage. Something completely misses you.
Something bites you but does no damage.
You closely miss something.
The orc priest threatens, "By the altar or by the axe, you will meet Beogh!"
You barely miss something. Something hits you but does no damage.
Something bites you but does no damage.
You barely miss something. Something hits you but does no damage.
Something bites you but does no damage.
You closely miss something.
The orc priest shouts, "Beogh is our master!
Accept the truth or die!"
Something hits you. Something bites you but does no damage.
You closely miss something.
The shadow slips into darkness.
The shadow flickers and vanishes!
Something hits you. Something bites you.
Something draws strength from your injuries!
You miss something. Something hits you but does no damage. Something bites you!
Something draws strength from your injuries!
You hit something. You barely miss something.
Something hits you but does no damage. Something bites you!
Something draws strength from your injuries!
You closely miss something. Something hits you! Something bites you.
* * * LOW HITPOINT WARNING * * *
Something draws strength from your injuries!
You miss something. Something hits you!
* * * LOW HITPOINT WARNING * * *
Something bites you!
You die...
Your body crumbles into a pile of gold.

▓.▓
$
▓.▓
$
▓)▓
$
▓.▓
$
▓[▓
▓.▓
$
▓.▓
▓.▓
$
▓@▓
$
▓'▓
$
▓o▓
▓y▓
$
▓y▓
$
▓{▓
$ $
▓W▓
$
▓.▓
$


You could see a vampire mosquito, a shadow, a killer bee and an orc priest.

Vanquished Creatures
  2 ogres (D)
  A hound (D)
  2 orcs (D)
  An endoplasm (D)
  A giant cockroach (D)
  A hobgoblin (D)
  A jackal (D)
  A frilled lizard (D)
10 creatures vanquished.

Notes
Turn   | Place    | Note
-------+----------+-------------------------------------------
     0 | D        | retardedninja the Hill Orc Fighter began the quest for the
                  | Orb.
     0 | D        | Reached XP level 1. HP: 19/19 MP: 1/1
    16 | D        | Reached skill level 4 in Shields
    36 | D        | Noticed an ogre
    36 | D        | Noticed a hound
    36 | D        | Noticed an ogre
    41 | D        | Reached XP level 2. HP: 27/27 MP: 2/2
    45 | D        | Killed an ogre
    46 | D        | Reached skill level 5 in Armour
    46 | D        | Reached skill level 6 in Shields
    46 | D        | Reached XP level 3. HP: 37/37 MP: 3/3
    46 | D        | Reached XP level 4. HP: 44/44 MP: 4/4
    51 | D        | Reached skill level 1 in Dodging
    51 | D        | Reached skill level 7 in Shields
    51 | D        | Reached XP level 5. HP: 51/51 MP: 5/5
    52 | D        | Killed an ogre
    53 | D        | Reached skill level 5 in Axes
    53 | D        | Reached skill level 8 in Shields
    83 | D        | Found a roughly hewn altar of Beogh.
    83 | D        | Found a snail-covered altar of Cheibriados.
    83 | D        | Found a shadowy altar of Dithmenos.
    83 | D        | Found a white marble altar of Elyvilon.
    83 | D        | Found a blossoming altar of Fedhas.
    83 | D        | Found an opulent altar of Gozag.
    84 | D        | Found a hazy altar of Hepliaklqana.
    85 | D        | Found a viscous altar of Jiyva.
    86 | D        | Found an ancient bone altar of Kikubaaqudgha.
    87 | D        | Found a corrupted altar of Lugonu.
    88 | D        | Found a burning altar of Makhleb.
    89 | D        | Found a sparkling altar of Nemelex Xobeh.
    90 | D        | Found an iron altar of Okawaru.
    91 | D        | Found a stormy altar of Qazlal.
    92 | D        | Found a sacrificial altar of Ru.
    93 | D        | Found a shimmering blue altar of Sif Muna.
    94 | D        | Found a bloodstained altar of Trog.
    95 | D        | Found a hide-covered altar of Uskayaw.
    96 | D        | Found a radiant altar of Vehumet.
    97 | D        | Found an ornate altar of the Wu Jian Council.
   107 | D        | Became a worshipper of Gozag Ym Sagoz the Greedy
   115 | D        | Found a shimmering altar of Xom.
   116 | D        | Found a basalt altar of Yredelemnul.
   117 | D        | Found a glowing silver altar of Zin.
   118 | D        | Found a glowing golden altar of the Shining One.
   177 | D        | Noticed a vampire
   177 | D        | Noticed a vampire mosquito
   177 | D        | Noticed a shadow
   177 | D        | Noticed a shadow
   190 | D        | Slain by a vampire

Illustrated notes

Levels and vault maps discovered:
D:        linesprint [early_d, line_temple, items_1, d_10, items_2, lair_1,
          lair_end, items_3, orc_1, orc_end, items_4, d_15, swamp_1, shoals_1,
          snake_1, spider_1, d_20, vaults_1, items_5, swamp_end, shoals_end,
          snake_end, spider_end, vaults_end, d_27, items_6, zot_1, zot_end,
          crypt_end, forest_end, elf_end, slime_end, tomb_end, abyss_end,
          pan_hell_end]

Skill      XL: |  1  2  3  4  5 |
---------------+----------------+-----
Shields        | 4 6 7 8 |  8.0
Fighting       | 4 6 7 |  7.7
Armour         | 4 5 6 7 |  7.1
Axes           | 4 5 |  5.9
Dodging        | 1 |  1.4

Action                   |  1- 3 |  4- 6 || total
-------------------------+-------+-------++-------
Melee: War axe           |    34 |    18 ||    52
  Use: Potion            |     1 |     2 ||     3
Armor: Scale mail        |    11 |     1 ||    12
       Plate armour      |       |    10 ||    10
Dodge: Dodged            |    17 |     3 ||    20
Block: Buckler           |     9 |     1 ||    10

Table legend: (Time is in decaauts)
 A = Elapsed time spent in this place.
 B = Non-inter-level travel time spent in this place.
 C = Inter-level travel time spent in this place.
 D = Time resting spent in this place.
 E = Time spent auto-exploring this place.
 F = Levels seen in this place.
 G = Mean time per level.
                   A        B        C        D        E       F      G
               +--------+--------+--------+--------+--------+-----+--------+
         Total |    209 |    209 |      0 |     36 |      0 |   1 |  209.0 |
       Dungeon |    209 |    209 |      0 |     36 |      0 |   1 |  209.0 |
               +--------+--------+--------+--------+--------+-----+--------+

Top non-repeatable levels by time:
       D: 209 daAuts
